[ PARTIDA AOE2 · #461488511 ]
Team RMGodos vs Spanish
[ ANÁLISIS DE REPETICIÓN · EXTRAÍDO DE LA PARTIDA GRABADA ]
Feudal
15:20
Castillos
22:25
Imperial
—
| APM promedio | 16.3 |
| APM pico | 41 |
| eAPM promedio | 11.0 |
| Aldeanos / militares | 52 / 0 |
Foco
⚔️ 12.6% · 🌾 87.4%
Fishing Ship ×13
Feudal
16:28
Castillos
—
Imperial
—
| APM promedio | 23.0 |
| APM pico | 54 |
| eAPM promedio | 8.9 |
| Aldeanos / militares | 38 / 15 |
Foco
⚔️ 19.4% · 🌾 80.6%
Scout Cavalry ×13 · Fishing Ship ×4 · Spearman ×2
Feudal
14:40
Castillos
20:28
Imperial
—
| APM promedio | 19.2 |
| APM pico | 46 |
| eAPM promedio | 9.4 |
| Aldeanos / militares | 45 / 18 |
Foco
⚔️ 15.9% · 🌾 84.1%
Fishing Ship ×6 · Elephant Archer ×6 · Archer ×5 · Spearman ×5 · Militia ×1 · Mangonel ×1
Feudal
13:48
Castillos
21:58
Imperial
—
| APM promedio | 25.4 |
| APM pico | 51 |
| eAPM promedio | 10.3 |
| Aldeanos / militares | 54 / 4 |
Foco
⚔️ 13.1% · 🌾 86.9%
Fishing Ship ×8 · Unknown (2626) ×4 · Militia ×4
Feudal
14:00
Castillos
18:41
Imperial
—
| APM promedio | 10.6 |
| APM pico | 48 |
| eAPM promedio | 8.5 |
| Aldeanos / militares | 49 / 20 |
Foco
⚔️ 19.8% · 🌾 80.2%
Fishing Ship ×16 · Tarkan ×13 · Fire Galley ×4 · Scout Cavalry ×2 · Knight ×1
Feudal
16:03
Castillos
23:58
Imperial
—
| APM promedio | 14.9 |
| APM pico | 35 |
| eAPM promedio | 8.8 |
| Aldeanos / militares | 36 / 10 |
Foco
⚔️ 20.4% · 🌾 79.6%
Fishing Ship ×5 · Conquistador ×5 · Missionary ×4 · Unknown (2626) ×2 · Scout Cavalry ×1
Mapa de la partida
Recursos iniciales + cada clic de construcción. Líneas = muros · curvas = relieve. ◆ oro · ⬟ piedra · ● bayas · ✦ reliquia · ◌ hueco del cierre
Tu base· Abierta — flanco sin cerrar
Base de Leeoku· Abierta — hueco de 14t
Base de noob mod· Abierta — flanco sin cerrar
Base de Cavil· Abierta — flanco sin cerrar
Base de Micko· Abierta — flanco sin cerrar
Base de Sinister Monster· Abierta — flanco sin cerrar
Terreno inicial suavizado · ◌ = hueco del cierre detectado · pasá el cursor para detalles
Inputs por minuto
— budinha - - Leeoku
Build order — budinha
125 acciones detectadas en el replay
| 0:45 | Construir | Town Center |
| 1:11 | Construir | Town Center |
| 3:07 | Crear | Villager (Male) |
| 3:07 | Crear | Villager (Male) |
| 3:11 | Investigar | Loom |
| 3:17 | Crear | Villager (Male) |
| 3:17 | Crear | Villager (Male) |
| 3:17 | Crear | Villager (Male) |
| 3:18 | Crear | Villager (Male) |
| 3:18 | Crear | Villager (Male) |
| 4:10 | Construir | House |
| 4:41 | Construir | House |
| 4:44 | Crear | Villager (Male) |
| 5:09 | Construir | House |
| 5:30 | Construir | House |
| 5:51 | Crear | Villager (Male) |
| 5:51 | Crear | Villager (Male) |
| 5:51 | Crear | Villager (Male) |
| 6:25 | Crear | Villager (Male) |
| 7:05 | Crear | Villager (Male) |
| 7:39 | Crear | Villager (Male) |
| 7:39 | Crear | Villager (Male) |
| 7:54 | Construir | Mill |
| 8:03 | Construir | Mill |
| 8:11 | Crear | Villager (Male) |
| 8:11 | Crear | Villager (Male) |
| 8:13 | Crear | Villager (Male) |
| 8:13 | Crear | Villager (Male) |
| 8:23 | Crear | Villager (Male) |
| 8:23 | Crear | Villager (Male) |
| 9:34 | Crear | Villager (Male) |
| 9:34 | Crear | Villager (Male) |
| 9:35 | Crear | Villager (Male) |
| 9:51 | Crear | Villager (Male) |
| 9:59 | Construir | Dock |
| 10:50 | Crear | Fishing Ship |
| 11:48 | Crear | Villager (Male) |
| 11:48 | Crear | Villager (Male) |
| 12:26 | Crear | Fishing Ship |
| 12:26 | Crear | Fishing Ship |
| 12:39 | Crear | Villager (Male) |
| 13:10 | Investigar | Feudal Age |
| 13:24 | Construir | Farm |
| 13:27 | Construir | Farm |
| 13:31 | Construir | Farm |
| 13:57 | Construir | Farm |
| 14:12 | Construir | Farm |
| 14:25 | Crear | Fishing Ship |
| 14:26 | Crear | Fishing Ship |
| 14:55 | Crear | Fishing Ship |
| 14:55 | Crear | Fishing Ship |
| 15:20 | Edad | Edad Feudal |
| 15:28 | Construir | Lumber Camp |
| 16:00 | Crear | Villager (Male) |
| 16:00 | Crear | Villager (Male) |
| 16:06 | Construir | Farm |
| 16:13 | Investigar | Double-Bit Axe |
| 16:31 | Crear | Fishing Ship |
| 16:31 | Crear | Fishing Ship |
| 16:37 | Construir | House |
| 16:43 | Investigar | Town Watch |
| 16:57 | Crear | Villager (Male) |
| 17:11 | Construir | House |
| 17:22 | Construir | Mining Camp |
| 17:29 | Construir | House |
| 17:35 | Crear | Fishing Ship |
| 17:44 | Crear | Villager (Male) |
| 17:45 | Crear | Villager (Male) |
| 18:00 | Construir | Blacksmith |
| 18:09 | Crear | Villager (Male) |
| 18:28 | Crear | Villager (Male) |
| 18:39 | Construir | Market |
| 18:50 | Investigar | Gold Mining |
| 19:28 | Crear | Fishing Ship |
| 19:38 | Construir | Barracks |
| 19:45 | Investigar | Castle Age |
| 20:04 | Construir | Farm |
| 20:08 | Crear | Fishing Ship |
| 20:17 | Construir | House |
| 20:53 | Investigar | Tech 906 |
| 21:11 | Construir | House |
| 21:19 | Investigar | Horse Collar |
| 21:28 | Construir | House |
| 21:37 | Construir | House |
| 21:40 | Construir | House |
| 21:48 | Construir | House |
| 21:50 | Construir | House |
| 21:52 | Construir | House |
| 21:55 | Construir | House |
| 22:25 | Edad | Edad de los Castillos |
| 22:31 | Crear | Villager (Male) |
| 22:44 | Construir | Town Center |
| 22:57 | Construir | Town Center |
| 23:02 | Crear | Villager (Male) |
| 23:03 | Crear | Villager (Male) |
| 23:29 | Crear | Fishing Ship |
| 23:30 | Crear | Villager (Male) |
| 24:05 | Crear | Villager (Male) |
| 24:14 | Investigar | Gillnets |
| 24:55 | Crear | Villager (Male) |
| 24:55 | Crear | Villager (Male) |
| 24:58 | Investigar | Wheelbarrow |
| 25:07 | Investigar | Man-at-Arms (upgrade) |
| 25:23 | Crear | Villager (Male) |
| 26:00 | Construir | Monastery |
| 26:28 | Construir | University |
| 26:31 | Crear | Villager (Male) |
| 26:31 | Crear | Villager (Male) |
| 26:35 | Crear | Villager (Male) |
| 27:04 | Investigar | Imperial Age |
| 27:22 | Construir | Town Center |
| 27:54 | Construir | Castle |
| 27:58 | Crear | Villager (Male) |
| 27:58 | Crear | Villager (Male) |
| 27:59 | Crear | Villager (Male) |
| 28:00 | Crear | Villager (Male) |
| 28:28 | Investigar | Forging |
| 28:45 | Investigar | Stone Mining |
| 28:45 | Investigar | Stone Mining |
| 29:02 | Construir | Farm |
| 29:09 | Crear | Villager (Male) |
| 29:09 | Crear | Villager (Male) |
| 29:23 | Construir | Dock |
| 29:29 | Construir | Dock |
| 29:32 | Construir | Dock |
Build order — Leeoku
94 acciones detectadas en el replay
| 1:19 | Construir | Town Center |
| 2:07 | Construir | House |
| 2:47 | Construir | House |
| 3:34 | Construir | House |
| 3:36 | Crear | Villager (Male) |
| 3:36 | Crear | Villager (Male) |
| 4:37 | Crear | Villager (Male) |
| 4:37 | Crear | Villager (Male) |
| 5:17 | Crear | Villager (Male) |
| 5:32 | Crear | Villager (Male) |
| 6:31 | Crear | Villager (Male) |
| 6:31 | Crear | Villager (Male) |
| 7:22 | Crear | Villager (Male) |
| 7:22 | Crear | Villager (Male) |
| 7:23 | Crear | Villager (Male) |
| 8:00 | Crear | Villager (Male) |
| 8:14 | Crear | Villager (Male) |
| 9:06 | Construir | Palisade Gate |
| 9:30 | Crear | Villager (Male) |
| 9:30 | Crear | Villager (Male) |
| 9:46 | Construir | Mill |
| 10:04 | Construir | House |
| 10:08 | Crear | Villager (Male) |
| 10:44 | Crear | Villager (Male) |
| 10:44 | Crear | Villager (Male) |
| 10:54 | Construir | Palisade Gate |
| 11:14 | Construir | Dock |
| 11:37 | Construir | Mill |
| 11:40 | Crear | Villager (Male) |
| 11:40 | Crear | Villager (Male) |
| 12:07 | Crear | Fishing Ship |
| 12:31 | Crear | Villager (Male) |
| 12:33 | Investigar | Loom |
| 12:51 | Crear | Fishing Ship |
| 12:57 | Construir | House |
| 13:09 | Construir | Farm |
| 13:09 | Construir | Farm |
| 13:09 | Construir | Farm |
| 13:10 | Construir | Farm |
| 13:29 | Construir | Palisade Gate |
| 13:31 | Crear | Villager (Male) |
| 14:03 | Construir | Farm |
| 14:18 | Investigar | Feudal Age |
| 15:06 | Construir | Barracks |
| 15:28 | Construir | House |
| 16:03 | Construir | House |
| 16:07 | Crear | Villager (Male) |
| 16:10 | Crear | Fishing Ship |
| 16:28 | Edad | Edad Feudal |
| 16:42 | Construir | Stable |
| 17:00 | Crear | Fishing Ship |
| 17:07 | Crear | Villager (Male) |
| 17:07 | Crear | Villager (Male) |
| 17:28 | Crear | Scout Cavalry |
| 17:35 | Construir | House |
| 17:37 | Construir | Palisade Wall |
| 17:53 | Crear | Scout Cavalry |
| 18:01 | Construir | House |
| 18:06 | Crear | Scout Cavalry |
| 18:26 | Construir | Palisade Wall |
| 18:44 | Crear | Villager (Male) |
| 18:52 | Crear | Scout Cavalry |
| 19:11 | Crear | Scout Cavalry |
| 19:20 | Crear | Scout Cavalry |
| 19:58 | Crear | Scout Cavalry |
| 20:21 | Crear | Scout Cavalry |
| 20:24 | Crear | Villager (Male) |
| 20:24 | Crear | Villager (Male) |
| 21:10 | Crear | Scout Cavalry |
| 21:30 | Crear | Villager (Male) |
| 21:30 | Crear | Villager (Male) |
| 21:31 | Crear | Villager (Male) |
| 21:48 | Crear | Villager (Male) |
| 21:48 | Crear | Villager (Male) |
| 21:55 | Crear | Villager (Male) |
| 22:06 | Construir | House |
| 22:07 | Construir | House |
| 22:15 | Construir | Farm |
| 22:15 | Construir | Farm |
| 22:15 | Construir | Farm |
| 22:16 | Construir | Farm |
| 22:16 | Construir | Farm |
| 22:16 | Construir | Farm |
| 22:16 | Construir | Farm |
| 22:22 | Crear | Scout Cavalry |
| 22:47 | Crear | Spearman |
| 22:47 | Crear | Spearman |
| 22:56 | Crear | Scout Cavalry |
| 22:56 | Crear | Scout Cavalry |
| 23:34 | Crear | Scout Cavalry |
| 23:52 | Crear | Villager (Male) |
| 23:52 | Crear | Villager (Male) |
| 24:27 | Crear | Villager (Male) |
| 24:28 | Crear | Villager (Male) |
Build order — noob mod
114 acciones detectadas en el replay
| 0:11 | Construir | Town Center |
| 2:06 | Construir | Dock |
| 2:45 | Crear | Villager (Male) |
| 2:46 | Crear | Villager (Male) |
| 2:46 | Crear | Villager (Male) |
| 2:46 | Crear | Villager (Male) |
| 3:18 | Construir | House |
| 4:07 | Crear | Fishing Ship |
| 4:38 | Investigar | Loom |
| 5:04 | Crear | Fishing Ship |
| 5:10 | Crear | Villager (Male) |
| 5:26 | Construir | House |
| 5:57 | Crear | Villager (Male) |
| 6:25 | Crear | Villager (Male) |
| 6:30 | Crear | Fishing Ship |
| 6:41 | Construir | House |
| 6:54 | Crear | Villager (Male) |
| 7:15 | Crear | Villager (Male) |
| 7:21 | Crear | Fishing Ship |
| 7:57 | Crear | Villager (Male) |
| 7:58 | Crear | Villager (Male) |
| 8:25 | Construir | Mill |
| 8:50 | Crear | Villager (Male) |
| 8:50 | Crear | Villager (Male) |
| 9:17 | Construir | House |
| 9:28 | Crear | Fishing Ship |
| 9:44 | Crear | Villager (Male) |
| 9:44 | Crear | Villager (Male) |
| 10:15 | Construir | Mining Camp |
| 10:35 | Crear | Villager (Male) |
| 11:10 | Crear | Villager (Male) |
| 11:11 | Crear | Villager (Male) |
| 11:20 | Construir | Mining Camp |
| 11:43 | Construir | Barracks |
| 12:05 | Crear | Villager (Male) |
| 12:15 | Investigar | Feudal Age |
| 13:01 | Crear | Militia |
| 14:40 | Edad | Edad Feudal |
| 14:49 | Construir | Archery Range |
| 15:00 | Construir | Blacksmith |
| 15:06 | Crear | Villager (Male) |
| 15:07 | Crear | Villager (Male) |
| 15:46 | Crear | Archer |
| 15:53 | Construir | House |
| 15:54 | Construir | House |
| 15:59 | Construir | Archery Range |
| 16:06 | Crear | Villager (Male) |
| 16:13 | Construir | Farm |
| 16:15 | Construir | Farm |
| 16:16 | Construir | Farm |
| 16:41 | Crear | Archer |
| 16:46 | Crear | Villager (Male) |
| 16:53 | Construir | Farm |
| 16:55 | Construir | Farm |
| 17:14 | Crear | Villager (Male) |
| 17:21 | Crear | Archer |
| 17:48 | Investigar | Castle Age |
| 17:58 | Investigar | Arson |
| 18:20 | Investigar | Town Watch |
| 18:34 | Investigar | Fletching |
| 18:54 | Crear | Spearman |
| 18:55 | Crear | Spearman |
| 19:31 | Crear | Archer |
| 19:40 | Investigar | Padded Archer Armor |
| 20:23 | Crear | Archer |
| 20:28 | Edad | Edad de los Castillos |
| 20:32 | Crear | Elephant Archer |
| 20:39 | Crear | Spearman |
| 20:39 | Crear | Spearman |
| 20:39 | Crear | Spearman |
| 20:54 | Construir | Town Center |
| 21:21 | Crear | Elephant Archer |
| 21:32 | Construir | House |
| 21:44 | Crear | Elephant Archer |
| 22:06 | Construir | Town Center |
| 22:13 | Investigar | Wheelbarrow |
| 22:50 | Crear | Elephant Archer |
| 23:09 | Investigar | Bodkin Arrow |
| 23:10 | Crear | Villager (Male) |
| 23:19 | Construir | Siege Workshop |
| 23:21 | Crear | Villager (Male) |
| 23:23 | Crear | Villager (Male) |
| 23:25 | Crear | Villager (Male) |
| 23:52 | Crear | Villager (Male) |
| 24:08 | Crear | Mangonel |
| 24:50 | Crear | Villager (Male) |
| 24:51 | Crear | Villager (Male) |
| 25:13 | Construir | Farm |
| 25:42 | Crear | Villager (Male) |
| 25:42 | Crear | Villager (Male) |
| 25:50 | Construir | Farm |
| 25:56 | Crear | Villager (Male) |
| 25:56 | Crear | Villager (Male) |
| 25:56 | Crear | Villager (Male) |
| 26:27 | Construir | Castle |
| 27:05 | Crear | Villager (Male) |
| 27:05 | Crear | Villager (Male) |
| 27:37 | Crear | Elephant Archer |
| 27:37 | Crear | Elephant Archer |
| 27:48 | Construir | Mill |
| 28:00 | Crear | Villager (Male) |
| 28:00 | Crear | Villager (Male) |
| 28:07 | Construir | Siege Workshop |
| 28:29 | Construir | Farm |
| 28:30 | Construir | Farm |
| 28:31 | Construir | Farm |
| 28:33 | Construir | Farm |
| 28:40 | Crear | Villager (Male) |
| 28:41 | Crear | Villager (Male) |
| 28:50 | Crear | Fishing Ship |
| 29:13 | Investigar | Medical Corps |
| 29:23 | Crear | Villager (Male) |
| 29:28 | Crear | Villager (Male) |
| 29:28 | Crear | Villager (Male) |
Build order — Cavil
132 acciones detectadas en el replay
| 0:33 | Construir | Town Center |
| 2:29 | Construir | House |
| 2:55 | Crear | Villager (Male) |
| 2:55 | Crear | Villager (Male) |
| 2:56 | Crear | Villager (Male) |
| 2:56 | Crear | Villager (Male) |
| 3:24 | Construir | House |
| 4:09 | Crear | Villager (Male) |
| 4:40 | Construir | Mule Cart |
| 4:49 | Crear | Villager (Male) |
| 4:49 | Crear | Villager (Male) |
| 5:26 | Investigar | Loom |
| 5:54 | Crear | Villager (Male) |
| 5:55 | Crear | Villager (Male) |
| 6:45 | Crear | Villager (Male) |
| 6:45 | Crear | Villager (Male) |
| 7:15 | Construir | Dock |
| 7:30 | Crear | Villager (Male) |
| 7:58 | Crear | Villager (Male) |
| 8:07 | Construir | House |
| 8:08 | Crear | Villager (Male) |
| 8:37 | Crear | Villager (Male) |
| 8:51 | Crear | Fishing Ship |
| 9:24 | Construir | House |
| 9:26 | Crear | Villager (Male) |
| 9:46 | Crear | Villager (Male) |
| 10:01 | Construir | Mule Cart |
| 10:05 | Crear | Villager (Male) |
| 10:27 | Crear | Fishing Ship |
| 10:46 | Crear | Villager (Male) |
| 10:58 | Crear | Fishing Ship |
| 11:38 | Investigar | Feudal Age |
| 11:54 | Crear | Villager (Male) |
| 12:05 | Construir | House |
| 12:17 | Construir | Barracks |
| 12:40 | Construir | Mule Cart |
| 13:15 | Construir | Palisade Gate |
| 13:20 | Crear | Villager (Male) |
| 13:27 | Construir | House |
| 13:48 | Edad | Edad Feudal |
| 13:52 | Crear | Villager (Male) |
| 13:54 | Crear | Villager (Male) |
| 13:57 | Investigar | Double-Bit Axe |
| 14:15 | Crear | Villager (Male) |
| 14:20 | Crear | Villager (Male) |
| 14:40 | Construir | Mill |
| 15:05 | Crear | Fishing Ship |
| 15:24 | Crear | Villager (Male) |
| 15:49 | Crear | Unit 2626 |
| 16:05 | Construir | Farm |
| 16:41 | Construir | Farm |
| 16:49 | Crear | Unit 2626 |
| 17:00 | Crear | Villager (Male) |
| 17:00 | Crear | Villager (Male) |
| 17:01 | Crear | Villager (Male) |
| 17:04 | Construir | Farm |
| 17:22 | Construir | House |
| 17:32 | Construir | House |
| 17:37 | Crear | Villager (Male) |
| 17:44 | Construir | Farm |
| 17:50 | Construir | Blacksmith |
| 17:53 | Crear | Villager (Male) |
| 18:19 | Crear | Unit 2626 |
| 18:22 | Crear | Villager (Male) |
| 18:27 | Construir | Market |
| 18:35 | Construir | Farm |
| 18:35 | Construir | Farm |
| 19:18 | Investigar | Castle Age |
| 19:23 | Construir | Farm |
| 19:25 | Construir | Farm |
| 19:34 | Construir | Barracks |
| 20:42 | Construir | Archery Range |
| 20:47 | Investigar | Man-at-Arms (upgrade) |
| 20:54 | Construir | House |
| 20:58 | Crear | Villager (Male) |
| 20:58 | Crear | Villager (Male) |
| 20:58 | Crear | Villager (Male) |
| 21:20 | Crear | Unit 2626 |
| 21:36 | Crear | Villager (Male) |
| 21:36 | Crear | Villager (Male) |
| 21:37 | Crear | Villager (Male) |
| 21:42 | Investigar | Pikeman (upgrade) |
| 21:49 | Construir | House |
| 21:58 | Edad | Edad de los Castillos |
| 22:01 | Crear | Villager (Male) |
| 22:01 | Crear | Villager (Male) |
| 22:07 | Construir | Town Center |
| 22:10 | Crear | Villager (Male) |
| 22:38 | Crear | Villager (Male) |
| 22:52 | Construir | Monastery |
| 23:27 | Construir | Farm |
| 23:28 | Crear | Villager (Male) |
| 23:36 | Construir | Siege Workshop |
| 23:45 | Investigar | Gambesons |
| 23:46 | Investigar | Squires |
| 23:50 | Investigar | Tech 906 |
| 23:53 | Crear | Fishing Ship |
| 23:55 | Crear | Fishing Ship |
| 24:02 | Construir | Dock |
| 24:09 | Crear | Villager (Male) |
| 24:45 | Investigar | Long Swordsman (upgrade) |
| 24:50 | Crear | Villager (Male) |
| 25:01 | Construir | Farm |
| 25:03 | Crear | Villager (Male) |
| 25:04 | Investigar | Horse Collar |
| 25:25 | Construir | Farm |
| 25:26 | Crear | Villager (Male) |
| 25:34 | Construir | Fish Trap |
| 25:34 | Construir | Fish Trap |
| 25:35 | Construir | Fish Trap |
| 25:39 | Construir | Fish Trap |
| 25:44 | Crear | Militia |
| 26:04 | Crear | Fishing Ship |
| 26:09 | Crear | Fishing Ship |
| 26:13 | Crear | Militia ×3 |
| 26:26 | Construir | Farm |
| 26:34 | Construir | Farm |
| 27:13 | Construir | House |
| 27:15 | Construir | House |
| 27:19 | Construir | Farm |
| 27:22 | Crear | Villager (Male) |
| 27:24 | Crear | Villager (Male) |
| 27:54 | Construir | Farm |
| 27:59 | Construir | Farm |
| 28:04 | Investigar | Two-Handed Swordsman (upgrade) |
| 28:07 | Crear | Villager (Male) |
| 28:07 | Crear | Villager (Male) |
| 28:10 | Crear | Villager (Male) |
| 28:10 | Crear | Villager (Male) |
| 28:24 | Crear | Villager (Male) |
| 28:38 | Construir | Archery Range |
| 28:49 | Construir | Farm |
Build order — Micko
111 acciones detectadas en el replay
| 0:51 | Construir | Town Center |
| 3:01 | Crear | Villager (Male) |
| 3:01 | Crear | Villager (Male) |
| 3:01 | Crear | Villager (Male) |
| 3:02 | Crear | Villager (Male) |
| 3:02 | Crear | Villager (Male) |
| 3:02 | Crear | Villager (Male) |
| 4:06 | Crear | Villager (Male) |
| 4:43 | Crear | Villager (Male) |
| 5:12 | Crear | Villager (Male) |
| 5:13 | Crear | Villager (Male) |
| 6:00 | Crear | Villager (Male) |
| 6:00 | Crear | Villager (Male) |
| 6:01 | Crear | Villager (Male) |
| 6:36 | Crear | Villager (Male) |
| 6:37 | Crear | Villager (Male) |
| 6:40 | Investigar | Loom |
| 6:47 | Construir | Dock |
| 7:03 | Crear | Villager (Male) |
| 7:03 | Crear | Villager (Male) |
| 7:31 | Crear | Fishing Ship |
| 7:46 | Crear | Villager (Male) |
| 7:47 | Crear | Villager (Male) |
| 7:47 | Crear | Villager (Male) |
| 8:19 | Crear | Fishing Ship |
| 8:24 | Crear | Villager (Male) |
| 8:24 | Crear | Villager (Male) |
| 8:24 | Crear | Villager (Male) |
| 9:06 | Construir | Mill |
| 9:29 | Crear | Fishing Ship |
| 9:32 | Crear | Villager (Male) |
| 9:32 | Crear | Villager (Male) |
| 9:33 | Crear | Villager (Male) |
| 10:09 | Crear | Fishing Ship |
| 10:39 | Crear | Villager (Male) |
| 10:39 | Crear | Villager (Male) |
| 10:46 | Crear | Fishing Ship |
| 11:14 | Construir | Mining Camp |
| 11:32 | Crear | Fishing Ship |
| 11:49 | Investigar | Feudal Age |
| 12:47 | Construir | Barracks |
| 12:58 | Crear | Fishing Ship |
| 12:58 | Crear | Fishing Ship |
| 13:03 | Crear | Fishing Ship |
| 13:57 | Crear | Villager (Male) |
| 13:58 | Crear | Villager (Male) |
| 14:00 | Edad | Edad Feudal |
| 14:14 | Construir | Stable |
| 14:49 | Construir | Market |
| 15:06 | Crear | Villager (Male) |
| 15:18 | Crear | Fishing Ship |
| 15:36 | Crear | Villager (Male) |
| 15:53 | Crear | Fishing Ship |
| 15:59 | Investigar | Castle Age |
| 16:51 | Crear | Fishing Ship |
| 17:44 | Crear | Villager (Male) |
| 17:44 | Crear | Villager (Male) |
| 17:56 | Investigar | Tech 906 |
| 17:59 | Crear | Fishing Ship |
| 18:35 | Crear | Fire Galley |
| 18:41 | Edad | Edad de los Castillos |
| 19:09 | Construir | Castle |
| 19:25 | Construir | Palisade Wall |
| 19:32 | Crear | Villager (Male) |
| 19:33 | Crear | Villager (Male) |
| 20:30 | Crear | Villager (Male) |
| 20:30 | Crear | Villager (Male) |
| 21:26 | Crear | Tarkan |
| 21:26 | Crear | Tarkan |
| 21:27 | Crear | Tarkan |
| 21:27 | Crear | Tarkan |
| 21:27 | Crear | Tarkan |
| 21:28 | Crear | Tarkan |
| 21:28 | Crear | Tarkan |
| 21:28 | Crear | Tarkan |
| 21:29 | Crear | Tarkan |
| 21:29 | Crear | Tarkan |
| 21:29 | Crear | Tarkan |
| 22:14 | Construir | Blacksmith |
| 22:23 | Construir | Farm |
| 22:28 | Construir | Farm |
| 22:31 | Construir | Farm |
| 22:34 | Construir | Farm |
| 23:08 | Crear | Fire Galley |
| 23:09 | Crear | Fire Galley |
| 23:09 | Crear | Fire Galley |
| 23:31 | Crear | Villager (Male) |
| 23:32 | Crear | Villager (Male) |
| 23:37 | Construir | Farm |
| 25:40 | Construir | Stable |
| 25:51 | Investigar | Fletching |
| 26:11 | Crear | Knight |
| 26:41 | Crear | Villager (Male) |
| 26:41 | Crear | Villager (Male) |
| 26:41 | Crear | Villager (Male) |
| 26:56 | Crear | Tarkan |
| 26:57 | Crear | Tarkan |
| 27:43 | Crear | Villager (Male) |
| 27:43 | Crear | Villager (Male) |
| 27:44 | Crear | Villager (Male) |
| 27:44 | Crear | Villager (Male) |
| 27:57 | Crear | Scout Cavalry |
| 27:57 | Crear | Scout Cavalry |
| 28:03 | Construir | Farm |
| 28:05 | Construir | Farm |
| 28:07 | Construir | Farm |
| 28:09 | Crear | Villager (Male) |
| 28:10 | Crear | Villager (Male) |
| 28:29 | Crear | Fishing Ship |
| 28:29 | Crear | Fishing Ship |
| 28:30 | Crear | Fishing Ship |
Build order — Sinister Monster
111 acciones detectadas en el replay
| 0:40 | Construir | House |
| 2:27 | Construir | Town Center |
| 4:10 | Crear | Villager (Male) |
| 4:10 | Crear | Villager (Male) |
| 4:10 | Crear | Villager (Male) |
| 4:11 | Crear | Villager (Male) |
| 5:31 | Crear | Villager (Male) |
| 5:51 | Crear | Villager (Male) |
| 5:51 | Crear | Villager (Male) |
| 6:03 | Construir | House |
| 6:09 | Construir | House |
| 6:41 | Crear | Villager (Male) |
| 6:42 | Crear | Villager (Male) |
| 7:21 | Crear | Villager (Male) |
| 7:58 | Investigar | Loom |
| 8:27 | Crear | Villager (Male) |
| 9:13 | Crear | Villager (Male) |
| 9:14 | Crear | Villager (Male) |
| 9:14 | Crear | Villager (Male) |
| 9:14 | Crear | Villager (Male) |
| 9:32 | Crear | Villager (Male) |
| 9:48 | Construir | Dock |
| 10:14 | Construir | Mill |
| 10:28 | Crear | Fishing Ship |
| 10:28 | Crear | Fishing Ship |
| 11:11 | Construir | Mill |
| 11:13 | Crear | Villager (Male) |
| 11:37 | Construir | House |
| 11:47 | Crear | Villager (Male) |
| 11:59 | Crear | Fishing Ship |
| 12:05 | Construir | House |
| 12:18 | Crear | Villager (Male) |
| 12:38 | Crear | Villager (Male) |
| 12:47 | Crear | Fishing Ship |
| 13:01 | Construir | Barracks |
| 13:20 | Crear | Villager (Male) |
| 13:33 | Crear | Fishing Ship |
| 13:48 | Construir | Palisade Wall |
| 13:53 | Investigar | Feudal Age |
| 14:11 | Construir | Palisade Wall |
| 14:26 | Construir | Mining Camp |
| 14:30 | Construir | House |
| 14:42 | Construir | Palisade Wall |
| 14:44 | Construir | Palisade Wall |
| 15:05 | Construir | Lumber Camp |
| 16:03 | Edad | Edad Feudal |
| 16:13 | Construir | Stable |
| 16:21 | Investigar | Double-Bit Axe |
| 16:28 | Crear | Unit 2626 |
| 16:29 | Crear | Unit 2626 |
| 16:35 | Crear | Villager (Male) |
| 16:36 | Crear | Villager (Male) |
| 16:45 | Construir | Farm |
| 16:46 | Construir | Farm |
| 16:46 | Construir | Farm |
| 16:46 | Construir | Farm |
| 16:56 | Crear | Scout Cavalry |
| 17:27 | Crear | Villager (Male) |
| 18:17 | Crear | Villager (Male) |
| 18:18 | Crear | Villager (Male) |
| 18:26 | Construir | Farm |
| 18:33 | Construir | Farm |
| 18:43 | Construir | House |
| 19:09 | Construir | House |
| 19:13 | Crear | Villager (Male) |
| 19:14 | Crear | Villager (Male) |
| 19:39 | Construir | Market |
| 19:55 | Investigar | Wheelbarrow |
| 20:32 | Investigar | Castle Age |
| 20:43 | Construir | Blacksmith |
| 20:49 | Construir | Mining Camp |
| 21:24 | Investigar | Bloodlines |
| 21:29 | Construir | House |
| 21:42 | Investigar | Tech 906 |
| 22:13 | Construir | Stone Wall |
| 22:33 | Construir | Stone Wall |
| 22:38 | Investigar | Padded Archer Armor |
| 23:18 | Investigar | Fletching |
| 23:55 | Construir | Gate |
| 23:58 | Edad | Edad de los Castillos |
| 24:06 | Investigar | Town Watch |
| 24:10 | Crear | Villager (Male) |
| 24:10 | Crear | Villager (Male) |
| 24:20 | Investigar | Stone Mining |
| 24:24 | Investigar | Husbandry |
| 24:28 | Investigar | Leather Archer Armor |
| 24:43 | Construir | University |
| 24:51 | Crear | Villager (Male) |
| 24:51 | Crear | Villager (Male) |
| 25:37 | Crear | Villager (Male) |
| 25:55 | Construir | Monastery |
| 26:14 | Crear | Villager (Male) |
| 26:18 | Investigar | Gold Mining |
| 26:32 | Investigar | Scale Barding Armor |
| 26:35 | Investigar | Bodkin Arrow |
| 26:38 | Crear | Missionary |
| 26:38 | Crear | Missionary |
| 26:38 | Crear | Missionary |
| 26:38 | Crear | Missionary |
| 26:42 | Crear | Villager (Male) |
| 26:43 | Crear | Villager (Male) |
| 27:00 | Construir | Farm |
| 27:03 | Construir | Farm |
| 27:16 | Construir | Town Center |
| 27:56 | Construir | Castle |
| 27:59 | Investigar | Masonry |
| 28:05 | Investigar | Ballistics |
| 28:12 | Investigar | Scale Barding Armor |
| 28:40 | Construir | Stone Wall |
| 28:47 | Construir | Stone Wall |
| 29:08 | Crear | Conquistador ×5 |
Cronología de la partida
| 2:06 | noob mod · first_building Dock |
| 6:47 | Micko · first_building Dock |
| 7:15 | Cavil · first_building Dock |
| 9:48 | Sinister Monster · first_building Dock |
| 9:59 | budinha · first_building Dock |
| 11:14 | Leeoku · first_building Dock |
| 11:43 | noob mod · first_building Barracks |
| 12:17 | Cavil · first_building Barracks |
| 12:47 | Micko · first_building Barracks |
| 13:01 | Sinister Monster · first_building Barracks |
| 13:48 | Cavil · age_up feudal |
| 13:48 | Sinister Monster · wall_segment Palisade Wall x4 |
| 14:00 | Micko · age_up feudal |
| 14:11 | Sinister Monster · wall_segment Palisade Wall x13 |
| 14:14 | Micko · first_building Stable |
| 14:40 | noob mod · age_up feudal |
| 14:42 | Sinister Monster · wall_segment Palisade Wall x1 |
| 14:44 | Sinister Monster · wall_segment Palisade Wall x1 |
| 14:49 | noob mod · first_building Archery Range |
| 15:06 | Leeoku · first_building Barracks |
| 15:20 | budinha · age_up feudal |
| 16:03 | Sinister Monster · age_up feudal |
| 16:13 | Sinister Monster · first_building Stable |
| 16:28 | Leeoku · age_up feudal |
| 16:42 | Leeoku · first_building Stable |
| 17:37 | Leeoku · wall_segment Palisade Wall x4 |
| 18:26 | Leeoku · wall_segment Palisade Wall x1 |
| 18:41 | Micko · age_up castle |
| 19:09 | Micko · first_building Castle |
| 19:25 | Micko · wall_segment Palisade Wall x1 |
| 19:38 | budinha · first_building Barracks |
| 19:42 | budinha · first_market_sell 100 food |
| 20:28 | noob mod · age_up castle |
| 20:42 | Cavil · first_building Archery Range |
| 21:58 | Cavil · age_up castle |
| 22:13 | Sinister Monster · wall_segment Stone Wall x12 |
| 22:25 | budinha · age_up castle |
| 22:33 | Sinister Monster · wall_segment Stone Wall x23 |
| 22:36 | budinha · first_market_buy 100 wood |
| 22:52 | Cavil · first_building Monastery |
| 23:19 | noob mod · first_building Siege Workshop |
| 23:36 | Cavil · first_building Siege Workshop |
| 23:58 | Sinister Monster · age_up castle |
| 25:55 | Sinister Monster · first_building Monastery |
| 26:00 | budinha · first_building Monastery |
| 26:27 | noob mod · first_building Castle |
| 27:54 | budinha · first_building Castle |
| 27:56 | Sinister Monster · first_building Castle |
| 28:40 | Sinister Monster · wall_segment Stone Wall x5 |
| 28:47 | Sinister Monster · wall_segment Stone Wall x5 |
| 29:30 | Cavil · resign |
[ ANÁLISIS IA · 1 CRÉDITO ]
¿Qué pasó realmente en esta partida?
Wolo.gg analiza cada decisión: build order, eco, micro, errores típicos por bracket. Análisis personalizado por WhatsApp o Discord en 30 segundos.
Guía civ
Godos
Guía mapa
Nomad
Perfil
budinha